 Dungeon Crawl Stone Soup version 0.24-a0-228-g05560da (webtiles) character file.

Game seed: 16867605980847881721

1770 technobutter the Basher (level 9, -2/75 HPs)
             Began as a Hill Orc Fighter on Apr 2, 2019.
             Slain by a killer bee (5 damage)
             ... on level 7 of the Dungeon.
             The game lasted 00:38:55 (7002 turns).

technobutter the Basher (Hill Orc Fighter)          Turns: 7002, Time: 00:38:57

Health: -2/75      AC: 14    Str: 21    XL:     9   Next: 7%
Magic:  9/9        EV:  8    Int:  8    God:
Gold:   322        SH:  0    Dex: 11    Spells: 8/8 levels left

rFire    . . .     SeeInvis .   w - +2 dire flail (crush)
rCold    . . .     Gourm    .   (shield currently unavailable)
rNeg     . . .     Faith    .   r - +0 chain mail
rPois    .         Spirit   .   v - +1 hat
rElec    .         Reflect  .   C - +0 cloak
rCorr    .         Harm     .   j - +0 pair of gloves
MR       .....                  (no boots)
Stlth    ..........             (no amulet)
HPRegen  0.22/turn              (no ring)
MPRegen  0.11/turn              (no ring)

@: lethally poisoned (-2 -> -42)
A: no striking features
a: no special abilities


You were on level 7 of the Dungeon.
You were not hungry.

You visited 1 branch of the dungeon, and saw 7 of its levels.
You also visited: Sewer.

You collected 322 gold pieces.

Inventory:

Hand Weapons
 a - a +0 flail
 w - a +2 dire flail of crushing (weapon)
 x - a +0 flail of crushing
Armour
 c - a +0 shield
 j - a +0 pair of gloves (worn)
 r - a +0 chain mail (worn)
 v - a +1 hat (worn)
 C - a +0 cloak (worn)
Wands
 b - a wand of iceblast (11)
 y - a wand of paralysis (9)
 B - a wand of polymorph (4)
Scrolls
 e - a scroll of identify
 g - a scroll of noise {unknown}
 i - 6 scrolls of immolation
 l - a scroll of fog {unknown}
 o - a scroll of enchant weapon {unknown}
 p - 2 scrolls of enchant armour
 q - a scroll of teleportation {unknown}
 s - 4 scrolls of magic mapping
 z - a scroll of remove curse {unknown}
 A - a scroll of blinking {unknown}
Potions
 d - 2 potions of might
 h - a potion of curing
 k - 4 potions of heal wounds {unknown}
 m - 2 potions of flight
 n - a potion of brilliance {unknown}
 t - 2 potions of lignification
 u - a potion of magic
Comestibles
 f - 4 rations


   Skills:
 + Level 5.9 Fighting
 + Level 8.7 Maces & Flails
 + Level 6.9 Armour
 + Level 2.0 Dodging
 + Level 0.7 Stealth
 + Level 5.3 Shields


You had 8 spell levels left.
You didn't know any spells.
Your spell library was empty.

Dungeon Overview and Level Annotations

Branches:
Dungeon (7/15)
 Temple: D:4-7

Altars:
Cheibriados
Elyvilon
Gozag
Qazlal
Trog
Uskayaw
Vehumet
The Shining One

Shops:
D:4 =

Annotations:
D:4 Grinder


Message History

* * * LOW HITPOINT WARNING * * *
The killer bee stings you.
* * * LOW HITPOINT WARNING * * *
As you read the scroll of immolation, it crumbles to dust.
The creatures around you are filled with an inner flame!
* * * LOW HITPOINT WARNING * * *
You feel sick.
The killer bee stings you but does no damage.
The killer bee closely misses you.
The killer bee stings you but does no damage. x2
The killer bee stings you.
* * * LOW HITPOINT WARNING * * *
You are more poisoned.
The killer bee poisons you! The killer bee stings you.
* * * LOW HITPOINT WARNING * * *
The killer bee stings you.
* * * LOW HITPOINT WARNING * * *
You are more poisoned.
The killer bee poisons you! The killer bee stings you.
You die...

...#.# #........
#.#####.#.###........
#...............#
###..###<.........#
.....................#
##..####...#.........+
#.........#.#.#.##.##
##......yy.#.#..... #
+.......y@..........
#.###...yy.#.###....#
$.# #........# ###.#
...# ######.### #+##
.# ##


You could see 5 killer bees.

Vanquished Creatures
  Sigmund (D:6)
  Eustachio (D:6)
  Edmund (D:5)
  A phantom (D:6)
  An eye of draining (D:6)
  An ogre (D:4)
  A big kobold (Sewer)
  3 bullfrogs (D:6)
  A water moccasin skeleton (D:6)
  2 scorpions (D:5)
  3 howler monkeys
  A bullfrog zombie (D:6)
  A crimson imp (D:6)
  A hound (D:6)
  4 orc priests
  Crazy Yiuf (D:6)
  2 orc wizards (D:6)
  A worker ant (D:3)
  A hound zombie (D:6)
  8 adders
  2 gnolls
  A river rat (Sewer)
  An ooze (D:2)
  An adder zombie (D:5)
  An adder skeleton (D:4)
  3 worms
  2 dart slugs
  6 leopard geckos
  22 orcs
  3 ball pythons (D:3)
  6 bats
  7 giant cockroaches
  5 goblins
  6 hobgoblins
  11 jackals
  11 kobolds
  4 quokkas
  A ball python zombie (D:6)
  3 frilled lizards
  7 rats
139 creatures vanquished.

Notes
Turn   | Place    | Note
-------+----------+-------------------------------------------
     0 | D:1      | technobutter the Hill Orc Fighter began the quest for the
                  | Orb.
     0 | D:1      | Reached XP level 1. HP: 19/19 MP: 1/1
   105 | D:1      | Reached XP level 2. HP: 19/27 MP: 2/2
   315 | D:2      | Reached XP level 3. HP: 4/33 MP: 3/3
  1089 | D:3      | Reached skill level 3 in Maces & Flails
  1089 | D:3      | Reached XP level 4. HP: 37/40 MP: 4/4
  1503 | D:3      | Reached skill level 4 in Maces & Flails
  1503 | D:3      | Reached XP level 5. HP: 46/46 MP: 5/5
  1527 | D:3      | Found a glowing drain.
  1550 | Sewer    | Entered a sewer
  1716 | Sewer    | Noticed a big kobold
  1761 | Sewer    | Killed a big kobold
  1801 | Sewer    | Found a glowing silver altar of Zin.
  2018 | D:2      | Found a stormy altar of Qazlal.
  2019 | D:2      | Found a bloodstained altar of Trog.
  2019 | D:2      | Found a radiant altar of Vehumet.
  2056 | D:2      | Reached XP level 6. HP: 45/52 MP: 6/6
  2215 | D:2      | Found a glowing golden altar of the Shining One.
  2220 | D:2      | Found a white marble altar of Elyvilon.
  2647 | D:2      | Found a hide-covered altar of Uskayaw.
  3148 | D:4      | Found Tuczesed's Jewellery Boutique.
  3262 | D:4      | Reached skill level 5 in Maces & Flails
  3262 | D:4      | Reached skill level 5 in Armour
  3482 | D:4      | Reached XP level 7. HP: 54/60 MP: 7/7
  3642 | D:4      | Reached skill level 1 in Dodging
  4292 | D:5      | Entered Level 5 of the Dungeon
  4303 | D:5      | Noticed Edmund
  4326 | D:5      | Killed Edmund
  4644 | D:5      | Reached skill level 6 in Maces & Flails
  4644 | D:5      | Reached skill level 5 in Shields
  5002 | D:5      | Noticed Grinder
  5009 | D:5      | Paralysed by Grinder for 3 turns
  5014 | D:5      | Paralysed by Grinder for 5 turns
  5021 | D:5      | Paralysed by Grinder for 2 turns
  5026 | D:5      | Paralysed by Grinder for 6 turns
  5047 | D:4      | Paralysed by Grinder for 7 turns
  5112 | D:4      | Paralysed by Grinder for 4 turns
  5125 | D:4      | HP: 2/60 [Grinder/nerve-wracking pain (7)]
  5496 | D:5      | Found an opulent altar of Gozag.
  5578 | D:6      | Reached XP level 8. HP: 47/67 MP: 8/8
  5833 | D:6      | Reached skill level 5 in Fighting
  5833 | D:6      | Reached skill level 7 in Maces & Flails
  6169 | D:6      | Found a runed translucent door.
  6170 | D:6      | Noticed Crazy Yiuf
  6295 | D:6      | Noticed Eustachio
  6306 | D:6      | Killed Eustachio
  6359 | D:6      | Reached skill level 8 in Maces & Flails
  6696 | D:6      | Noticed Sigmund
  6700 | D:6      | Killed Sigmund
  6702 | D:6      | Reached XP level 9. HP: 75/75 MP: 9/9
  6835 | D:6      | Found a snail-covered altar of Cheibriados.
  6907 | D:6      | Killed Crazy Yiuf
  7002 | D:7      | HP: 3/75 [killer bee (2)]
  7002 | D:7      | Slain by a killer bee

Levels and vault maps discovered:
D:1:      dpeg_arrival_stonehenge_8_columns, layout_loops_ring
D:2:      layout_loops_ring, lemuel_coloured_pillars_altar,
          overflow_temple_1_default, elyvilon_altar_5,
          chequers_temple_overflow_statue_of_worship, grunt_ministairs_5
D:3:      layout_basic, portal_sewer_entry_a
D:4:      layout_basic, serial_shops, nicolae_shop_stone, first_ration
D:5:      layout_loops_ring, nicolae_gozag_seed_capital,
          chequers_temple_overflow_minitemple, basic_altar, uniq_edmund,
          uniq_grinder
D:6:      layout_loops_ring, kennysheep_mini_moat, kennysheep_generic_room_15,
          uniq_eustachio, uniq_sigmund, uniq_crazy_yiuf_cottage
D:7:      layout_basic, minmay_temple_entry_hall, grunt_ministairs_14,
          the_bakery
Sewer:    sewer_kobolds

Skill      XL: |  1  2  3  4  5  6  7  8 |
---------------+-------------------------+-----
Fighting       | 4 5 |  5.9
Armour         | 4 5 6 |  6.9
Maces & Flails | 3 4 5 6 8 |  8.7
Shields        | 4 5 |  5.3
Dodging        | 1 2 |  2.0
Stealth        | |  0.7

Action                   |  1- 3 |  4- 6 |  7- 9 || total
-------------------------+-------+-------+-------++-------
Melee: Flail             |   136 |   284 |   129 ||   549
       Dire flail        |       |       |   138 ||   138
  Use: Scroll            |       |       |     9 ||     9
       Potion            |       |       |     2 ||     2
  Eat: Ration            |     1 |     2 |     3 ||     6
       Chunk             |       |     1 |       ||     1
Armor: Scale mail        |    73 |   134 |       ||   207
       Chain mail        |       |    22 |   177 ||   199
Dodge: Dodged            |    59 |    84 |    89 ||   232
Block: Shield            |    75 |   175 |    60 ||   310

Table legend:
 A = Non-vault XP
 B = Vault XP
 C = Vault XP percentage of total XP
 D = Non-vault monster count
 E = Vault monster count
 F = Vault count percentage of total count
                 A         B        C        D         E       F
            +---------+---------+-------+---------+---------+-------
      Total |    1788 |     741 |  29.3 |     119 |      20 |  14.4
            +---------+---------+-------+---------+---------+-------
        D:1 |      47 |       0 |   0.0 |      20 |       0 |   0.0
        D:2 |      85 |       5 |   5.6 |      28 |       2 |   6.7
        D:3 |     111 |       8 |   6.7 |      16 |       5 |  23.8
        D:4 |     392 |       0 |   0.0 |      16 |       0 |   0.0
        D:5 |     173 |     164 |  48.7 |      11 |       1 |   8.3
        D:6 |     980 |     445 |  31.2 |      28 |       5 |  15.2
      Sewer |       0 |     119 | 100.0 |       0 |       7 | 100.0
            +---------+---------+-------+---------+---------+-------
